 Dungeon Crawl Stone Soup version 0.29-a0-330-g52719c12eb (webtiles) character file.

Game seed: 3944141254396567242

369 HoaS the Magician (level 6, -3/32 HPs)
             Began as a Deep Elf Conjurer on May 22, 2022.
             Killed by divine providence
             ... invoked by an orc priest
              (17 damage)
             ... on level 4 of the Dungeon.
             The game lasted 00:16:28 (4837 turns).

HoaS the Magician (Deep Elf Conjurer)               Turns: 4837, Time: 00:16:28

Health: -3/32      AC:  3    Str:  4    XL:     6   Next: 41%
Magic:  16/18      EV: 13    Int: 25    God:
Gold:   255        SH:  0    Dex: 13    Spells: 5/19 levels left

rFire   . . .      SeeInvis .   f - +2 whip (drain)
rCold   . . .      Faith    .   (no shield)
rNeg    . . .      Spirit   .   a - +0 robe
rPois   .          Reflect  .   e - +0 hat
rElec   .          Harm     .   (no cloak)
rCorr   +          Rampage  .   k - +0 pair of gloves
Will    .....                   (no boots)
Stlth   ++........              p - amulet of regeneration
HPRegen 0.90/turn               c - ring of resist corrosion
MPRegen 0.16/turn               (no ring)

@: lethally poisoned (-3 -> -8)
A: no striking features
a: no special abilities


You were on level 4 of the Dungeon.
You visited 1 branch of the dungeon, and saw 5 of its levels.

You collected 255 gold pieces.

Inventory:

Hand Weapons
 f - a +2 whip of draining (weapon)
Armour
 a - a +0 robe (worn)
 e - a +0 hat (worn)
 k - a +0 pair of gloves (worn)
Jewellery
 c - a ring of resist corrosion (left hand)
 p - an amulet of regeneration (around neck)
Wands
 m - a wand of flame (24)
Potions
 b - a potion of magic
 d - 3 potions of lignification
 g - 2 potions of mutation
 h - a potion of invisibility {unknown}
 i - a potion of attraction {unknown}
 j - a potion of haste {unknown}
 l - a potion of flight {unknown}
 n - a potion of might {unknown}


   Skills:
 + Level 4.3 Dodging
 - Level 2.4 Stealth
 + Level 7.0 Spellcasting
 + Level 5.7 Conjurations


You had 5 spell levels left.
You knew the following spells:

 Your Spells              Type           Power      Damage    Failure   Level
a - Magic Dart            Conj           100%       1d8       1%          1
b - Searing Ray           Conj           74%        2d7       1%          2
c - Dazzling Flash        Conj/Hex       46%        N/A       6%          3
d - Iskenderun's Mystic   Conj/Tloc      23%        2d6       21%         4
e - Fulminant Prism       Conj/Hex       11%        3d9       21%         4

Your spell library contained the following spells:

 Spells                   Type           Power      Damage    Failure   Level
 Scorch                   Fire           16%        2d6       10%         2
 Flame Wave               Conj/Fire      23%        2d7       21%         4
 Summon Cactus Giant      Summ           4%         N/A       100%        6


Dungeon Overview and Level Annotations

Branches:
Dungeon (5/15)
 Temple: D:4-7

Altars:
Vehumet
Beogh


Message History

The orc is heavily wounded.
The orc barely misses you.
Casting: Magic Dart (safe; 1% risk of failure)
Confirm with . or Enter, or press ? or * to list all spells.
Aiming: Magic Dart (safe; 1% risk of failure)
Press: ? - help, Shift-Dir - straight line, f/p - orc
Aim: an orc, wielding a +0 falchion and wearing a +0 scale mail (heavily wounded, 100% to hit)
The magic dart hits the orc.
You kill the orc!
You start resting.
Magic restored.
You climb downwards.
The orc hits you with a +1 dagger of venom.
You are poisoned.
The orc closely misses you. The orc barely misses you. The orc misses you.
There is a stone staircase leading up, spattered with blood here.
You feel very sick.
The orc hits you with a +1 dagger of venom.
You are more poisoned.
The orc completely misses you. The orc closely misses you.
The orc barely misses you.
The orc priest hits you with a +0 hand axe.
You climb upwards.
You feel very sick.
There is a stone staircase leading down here.
Sorry, you're not good enough to have a special ability.
Casting: Magic Dart (safe; 1% risk of failure)
Confirm with . or Enter, or press ? or * to list all spells.
Aiming: Searing Ray (safe; 1% risk of failure)
Press: ? - help, Shift-Dir - straight line, f - orc priest
Aim: an orc priest, wielding a +0 hand axe and wearing a +0 ring mail (83% to hit)
The searing ray hits the orc priest!
The orc priest is heavily wounded. (Press . to maintain the ray.)
You feel very sick. The orc barely misses you.
The orc priest mumbles some strange prayers to Beogh against you.
Beogh smites you!
Ouch! That really hurt!
You die...

### ### #.# #.## ###
# ##.## ### ##.##
#.# ####.#.# ##.##
##.#####.# .##..#.##
##...## ##..##..#
.#...#..# ##oo...##
##.....# ....##..##
#o@##...### #..#...
.....#...##
##o####....###..###.
..........####o.#
##.......## ##
..........#....##
##......#
.<###..........##
##....## ..#
####..###...##
#....# .## #...#
##...## ##...# .#
##..## ##...# #...#
# .# #...# ##..##
#...# ###


You could see an orc priest and 4 orcs.

Vanquished Creatures
  A phantom (D:4)
  A jelly (D:4)
  A hound (D:4)
  2 orc priests (D:4)
  2 orc wizards (D:4)
  3 gnolls (D:2)
  3 adders (D:4)
  2 dart slugs
  8 orcs
  2 ball pythons
  6 bats
  9 endoplasms
  A giant cockroach (D:3)
  7 goblins
  6 hobgoblins
  2 kobolds
  5 quokkas
  A frilled lizard (D:2)
  2 rats
64 creatures vanquished.

Notes
Turn   | Place    | Note
-------+----------+-------------------------------------------
     0 | D:1      | HoaS the Deep Elf Conjurer began the quest for the Orb.
     0 | D:1      | Reached XP level 1. HP: 10/10 MP: 6/6
    50 | D:1      | Found a faded altar of an unknown god.
   300 | D:1      | Reached XP level 2. HP: 15/15 MP: 4/8
   802 | D:1      | Reached skill level 4 in Spellcasting
  1226 | D:2      | Reached XP level 3. HP: 9/19 MP: 3/10
  1398 | D:2      | Reached skill level 5 in Conjurations
  1656 | D:2      | Reached skill level 5 in Spellcasting
  1830 | D:2      | Learned a level 2 spell: Searing Ray
  1997 | D:3      | Reached XP level 4. HP: 24/24 MP: 13/13
  2653 | D:3      | Identified the +4 ring mail "Tetamp" {rF+ rN+ Dex+3}
  2658 | D:3      | Learned a level 3 spell: Dazzling Flash
  2663 | D:3      | Learned a level 4 spell: Iskenderun's Mystic Blast
  2668 | D:3      | Learned a level 4 spell: Fulminant Prism
  3623 | D:4      | Reached skill level 6 in Spellcasting
  3624 | D:4      | Noticed a phantom
  3633 | D:4      | Killed a phantom
  3634 | D:4      | Reached XP level 5. HP: 15/28 MP: 0/15
  4266 | D:4      | Reached XP level 6. HP: 32/32 MP: 12/17
  4507 | D:4      | Found a radiant altar of Vehumet.
  4651 | D:4      | Reached skill level 7 in Spellcasting
  4818 | D:5      | Entered Level 5 of the Dungeon
  4837 | D:4      | Killed from afar by an orc priest

Illustrated notes

Levels and vault maps discovered:
D:1:      ncdulo_watergridlock, layout_loops_ring,
          chequers_ecumenical_altar_lobes, minmay_quantized
D:2:      cheibrodos_old_hovel, layout_basic
D:3:      minmay_door_path, layout_basic, minivault_26
D:4:      layout_layer_cave, mainiacjoe_overflow_alcove_4, kennysheep_orc_chapel
D:5:      layout_rooms, nicolae_grassy_gnolls, uniq_prince_ribbit1

Skill      XL: |  1  2  3  4  5  6 |
---------------+-------------------+-----
Spellcasting   | 4 5 6 7 |  7.0
Conjurations   | 5 |  5.7
Dodging        | 3 4 |  4.3
Stealth        | |  2.4

Action                   |  1- 3 |  4- 6 || total
-------------------------+-------+-------++-------
Melee: Whip              |    43 |    14 ||    57
       Punch             |     1 |       ||     1
 Cast: Magic Dart        |    50 |    98 ||   148
       Searing Ray       |       |     1 ||     1
  Use: Scroll            |     5 |     4 ||     9
 Stab: Sleeping          |     2 |     2 ||     4
Armor: Robe              |    17 |     9 ||    26
Dodge: Dodged            |    51 |    27 ||    78

Table legend: (Time is in decaauts)
 A = Elapsed time spent in this place.
 B = Non-inter-level travel time spent in this place.
 C = Inter-level travel time spent in this place.
 D = Time resting spent in this place.
 E = Time spent auto-exploring this place.
 F = Levels seen in this place.
 G = Mean time per level.
                   A        B        C        D        E       F      G
               +--------+--------+--------+--------+--------+-----+--------+
         Total |   4842 |   4690 |    152 |   1436 |   2708 |   5 |  968.4 |
       Dungeon |   4842 |   4690 |    152 |   1436 |   2708 |   5 |  968.4 |
               +--------+--------+--------+--------+--------+-----+--------+

Top non-repeatable levels by time:
     D:4: 1571 daAuts
     D:3: 1296 daAuts
     D:1: 1141 daAuts
     D:2: 829 daAuts
     D:5: 4 daAuts
